AoeStats
← 一杯冰美式

Arena

510705126Analyzed
4v4 RM · 20h ago on Oct 2, 2026· 44m 23s· 8 players
Game mode
Random Map
Map size
Large (8 player)
Population
200
Speed
Normal
Resources
Standard
Victory
Conquest
Starting age
Dark Age
Ending age
Imperial Age
RankedLock teamsTeams togetherTeam positionsShared explorationLock speedFull tech treeHidden civsTurbo modeCheats
Victory
Defeat
🇦🇺 Koreans · Australia
1269
+12
🇪🇸 Teutons · Spain
1260
+13
🇺🇸 Mongols · United States
1192
+16
🇳🇵 Bengalis · Nepal
1190
+16
🇨🇳 Mongols · China
1211
-15
🇨🇳 Lithuanians · China
1200
-15
🇭🇰 Poles · Hong Kong SAR China
1172
-14
🇹🇼 Japanese · Taiwan
1166
-13
我帅我坐中
10:27 Feudal Age
14:31 Castle Age
12:17 Horse Collar
12:45 Double-Bit Axe
25:33 Stone Mining
25:37 Gold Mining
25:37 Stone Mining
29:53 Imperial Age
27:10 Loom
27:10 Town Watch
28:00 Wheelbarrow
29:04 Bloodlines
28:54 Husbandry
29:01 Scale Barding Armor
29:06 Forging
30:04 Chain Barding Armor
30:37 Heavy Plow
30:49 Bow Saw
31:16 Stone Shaft Mining
31:01 Hand Cart
31:13 Conscription
30:59 Elite Leitis
35:10 Plate Barding Armor
35:11 Iron Casting
36:12 Hoardings
37:15 Scale Mail Armor
38:06 Ballistics
37:56 Masonry
37:26 Treadmill Crane
38:47 Chemistry
37:43 Murder Holes
37:59 Fortified Wall
38:13 Thumb Ring
39:19 Two-Man Saw
37:54 Elite Skirmisher
39:14 Padded Archer Armor
39:04 Fletching
39:16 Squires
40:13 Leather Archer Armor
42:33 Tower Shields
43:06 Ring Archer Armor
42:31 Bodkin Arrow
43:10 Architecture
43:30 Chain Mail Armor
imkl
10:58 Feudal Age
12:31 Wheelbarrow
12:45 Horse Collar
15:06 Castle Age
14:18 Double-Bit Axe
16:23 Heavy Plow
20:36 Bow Saw
21:50 Loom
22:19 Stone Mining
23:23 Forging
23:13 Scale Mail Armor
24:10 Stone Shaft Mining
23:26 Gold Mining
25:23 Hand Cart
25:58 Scale Barding Armor
29:45 Imperial Age
28:26 Iron Casting
28:07 Chain Mail Armor
27:42 Fletching
31:19 Conscription
30:20 Elite Obuch
34:25 Plate Mail Armor
34:55 Blast Furnace
33:51 Bodkin Arrow
40:17 Chain Barding Armor
39:57 Bracer
39:23 Light Cavalry
40:13 Bloodlines
40:03 Husbandry
40:04 Winged Hussar
一杯冰美式
2:00 Loom
11:07 Feudal Age
15:40 Castle Age
13:25 Horse Collar
13:58 Double-Bit Axe
15:16 Stone Mining
15:56 Gold Mining
25:18 Imperial Age
23:56 Gold Shaft Mining
24:38 Bow Saw
24:52 Heavy Plow
27:20 Two-Man Saw
27:17 Forging
27:08 Scale Mail Armor
27:45 Conscription
28:59 Iron Casting
31:06 Blast Furnace
31:53 Chain Mail Armor
32:42 Wheelbarrow
31:53 Town Watch
32:09 Arson
33:44 Plate Mail Armor
35:52 Elite Samurai
_xy_2252
2:29 Loom
10:04 Feudal Age
10:55 Town Watch
13:43 Fletching
16:58 Padded Archer Armor
21:19 Wheelbarrow
24:25 Castle Age
23:18 Stone Mining
23:20 Gold Mining
24:57 Double-Bit Axe
25:00 Horse Collar
30:07 Coinage
34:25 Hand Cart
35:16 Gold Shaft Mining
35:40 Bow Saw
36:37 Stone Shaft Mining
37:32 Town Patrol
40:31 Imperial Age
38:44 Leather Archer Armor
38:25 Bodkin Arrow
39:04 Scale Barding Armor
39:10 Forging
40:39 Heavy Scorpion
42:21 Bracer
43:05 Chain Barding Armor
42:07 Light Cavalry
42:59 Bloodlines
42:50 Husbandry
43:27 Iron Casting
GemGem27
11:30 Feudal Age
15:29 Castle Age
13:51 Double-Bit Axe
14:49 Horse Collar
17:02 Wheelbarrow
16:56 Bow Saw
16:34 Loom
18:53 Town Watch
29:47 Imperial Age
27:50 Heavy Plow
27:56 Fletching
29:10 Gold Mining
29:13 Stone Mining
30:21 Bodkin Arrow
30:27 Padded Archer Armor
30:50 Ballistics
31:10 Bracer
30:55 Elite Elephant Archer
32:05 Leather Archer Armor
32:06 Bloodlines
31:56 Husbandry
32:40 Hand Cart
33:46 Ring Archer Armor
34:07 Paiks
35:14 Conscription
36:06 Chemistry
36:23 Mahayana
41:03 Siege Elephant
DonQuijote
10:39 Feudal Age
14:26 Castle Age
12:31 Double-Bit Axe
12:27 Horse Collar
15:52 Bow Saw
16:24 Loom
17:09 Town Watch
21:59 Heavy Plow
22:44 Stone Mining
24:26 Wheelbarrow
24:28 Stone Shaft Mining
24:59 Gold Mining
26:29 Hand Cart
25:56 Pikeman
29:25 Imperial Age
27:02 Scale Mail Armor
27:01 Fletching
27:34 Forging
28:11 Chain Mail Armor
28:55 Bodkin Arrow
28:54 Gambesons
29:09 Squires
30:47 Plate Mail Armor
30:47 Ballistics
31:41 Chemistry
31:07 Crenellations
32:01 Iron Casting
32:32 Hoardings
32:41 Masonry
32:36 Capped Ram
32:51 Elite Teutonic Knight
35:25 Blast Furnace
34:56 Elite Teutonic Knight
36:18 Padded Archer Armor
36:08 Elite Teutonic Knight
37:09 Conscription
37:34 Bombard Tower
38:49 Siege Engineers
40:02 Ironclad
41:11 Guilds
41:35 Leather Archer Armor
41:22 Halberdier
43:42 Fortified Wall
45:08 Ring Archer Armor
bwhauf
11:01 Feudal Age
14:31 Castle Age
12:44 Double-Bit Axe
13:34 Horse Collar
15:22 Bow Saw
21:37 Wheelbarrow
25:54 Hand Cart
28:57 Imperial Age
26:15 Loom
26:16 Town Watch
27:08 Fletching
27:59 Bloodlines
27:50 Husbandry
27:54 Bodkin Arrow
28:24 Stone Mining
28:26 Gold Mining
29:04 Thumb Ring
29:02 Padded Archer Armor
29:25 Ballistics
29:44 Bracer
30:48 Chemistry
30:31 Conscription
30:50 Parthian Tactics
31:28 Leather Archer Armor
30:57 Capped Ram
32:53 Siege Ram
33:04 Elite Mangudai
35:44 Drill
36:23 Coinage
37:29 Scale Barding Armor
37:35 Forging
38:49 Light Cavalry
39:50 Chain Barding Armor
39:42 Hussar
40:59 Iron Casting
43:41 Blast Furnace
43:49 Caravan
44:20 Banking
Texas Mil
6:35 Loom
8:49 Feudal Age
9:38 Double-Bit Axe
12:20 Horse Collar
13:22 Fletching
20:30 Castle Age
21:08 Bodkin Arrow
Connection lost

Rejoining the realm…

Still unreachable

The connection could not be restored.

Session expired

The server has moved on; the page needs a fresh start.